 Dungeon Sprint DCSS version 0.18-b1-14-g029dad2 (webtiles) character file.

10020 Kidiri the Unseen (level 11, 0/53 (56) HPs)
             Began as a Spriggan Enchanter on Apr 29, 2016.
             Was an Elder of Dithmenos.
             Succumbed to a death drake's dark miasma
             ... in the Dungeon (Sprint II: "The Violet Keep of Menkaure") on Apr 30, 2016.
             The game lasted 01:08:25 (1781 turns).

Kidiri the Unseen (Spriggan Enchanter)              Turns: 1781, Time: 01:08:25

HP:   0/53 (56)     AC:  2    Str:  4    XL:     11   Next: 30%
MP:   20/28         EV: 33    Int: 18    God:    Dithmenos [****..]
Gold: 920           SH: 13    Dex: 21    Spells: 9 memorised, 9 levels left

rFire  . . .     SeeInvis +     a - +1 dagger
rCold  . . .     Gourm    .     k - +0 robe of the Hidden Vale {Dex+2} (curse)
rNeg   . . .     Faith    .     n - +0 buckler
rPois  .         Spirit   .     (helmet restricted)
rElec  .         Dismiss  .     (no cloak)
rCorr  .         Reflect  +     (gloves unavailable)
SustAt .         Harm     .     (boots unavailable)
MR     +....     NoTele   +     m - +6 amulet of reflection
Stlth  ++++++....               (no ring)
                                (no ring)

@: lethally poisoned (0 -> -78), very slightly contaminated, slowed, wreathed by
umbra, quick, somewhat resistant to hostile enchantments, very stealthy
A: unfitting armour, see invisible, herbivore 3, speed 3, slow metabolism 2
a: Shadow Step, Renounce Religion


You were in the Dungeon.
You worshipped Dithmenos.
Dithmenos was greatly pleased with you.
You were not hungry.

You visited 1 branch You collected 1878 gold pieces.
You spent 958 gold pieces at shops.

Inventory:

Hand Weapons
 a - a +1 dagger (weapon)
Armour
 k - the cursed +0 robe of the Hidden Vale (worn) {Dex+2}
   (You bought it in a shop in the Dungeon)

   It affects your dexterity (+2).
   It has a curse placed upon it.
 n - a +0 buckler (worn)
Jewellery
 m - a +6 amulet of reflection (around neck)
Scrolls
 j - a scroll of blinking
 r - 2 scrolls of fog
 s - a scroll of amnesia
 u - 3 scrolls of fear
Potions
 b - 4 potions of flight
 e - 2 potions of curing
 g - a potion of haste
 h - 3 potions of magic
 o - a potion of ambrosia
 q - 5 potions of resistance
 t - 2 potions of agility
Comestibles
 d - 2 bread rations
 v - a slice of pizza


   Skills:
 + Level 6.0 Fighting
 * Level 11.5 Short Blades
 + Level 5.4 Armour
 * Level 14.5 Dodging
 * Level 15.9 Stealth
 + Level 3.5 Shields
 * Level 12.6 Spellcasting
 + Level 5.2 Conjurations
 + Level 9.6 Hexes
 + Level 6.5 Transmutations
 + Level 5.6 Ice Magic
 * Level 6.7 Earth Magic
 - Level 3.5 Invocations


You had 9 spell levels left.
You knew the following spells:

 Your Spells              Type           Power        Failure   Level  Hunger
a - Corona                Hex            #####..      1%          1    None
b - Ensorcelled Hibernat  Hex/Ice        #####.       1%          2    None
c - Confuse               Hex            #####...     1%          3    None
d - Tukima's Dance        Hex            #####...     1%          3    None
e - Dazzling Spray        Conj/Hex       #####...     1%          3    None
f - Passwall              Trmt/Erth      #####.....   1%          2    None
g - Stone Arrow           Conj/Erth      ####..       1%          3    None
h - Petrify               Trmt/Erth      #####...     6%          4    ##.....
i - Lee's Rapid Deconstr  Erth           #####.....   17%         5    ####...


Dungeon Overview and Level Annotations

Branches:
Dungeon (1/1)

Altars:
Cheibriados
Dithmenos
Elyvilon
Fedhas
Gozag
Kikubaaqudgha
Makhleb
Nemelex Xobeh
Okawaru
Pakellas
Qazlal
Ru
Sif Muna
Trog
Vehumet
Xom
Yredelemnul
Zin
The Shining One
Beogh
Jiyva
Lugonu

Shops:
D !?:[*:(%!(([?}==

Annotations:
D exclusion: oklob plant


Innate Abilities, Weirdness & Mutations

You are tiny and cannot use many weapons and most armour.
You have supernaturally acute eyesight.
You are a herbivore.
You cover ground extremely quickly.
You need consume almost no food.


Message History

The helpless death drake fails to defend itself.
You perforate the death drake like a sieve!!!!!
You kill the death drake!
Dithmenos accepts your kill.
Your Fighting skill increases to level 6!
You are engulfed in dark miasma.
You are more poisoned.
You feel as though you will be slow longer.
* * * LOW HITPOINT WARNING * * *
x2 You feel very sick.
You hear a soft click.
Unknown command.
Read which item? (? for menu, Esc to quit)
Blink to where?
Press: ? - help, Dir - move target cursor Splash!
You fall into the shallow water.
Moving in this stuff is going to be slow.
As you read the scroll of blinking, it crumbles to dust.
You die...

#..#.%####.# .#))▓...[[..?▓▓
##.####%.+.##k#)[▓...(.(%.▓▓
.#....#.%#..§####▓........▓▓
####..#####.^##.#▓...()..(▓▓
##.##..#.[+k.#..#▓........▓▓
#...#..#.%#§^#..#▓)[).....▓▓
'###+..####..##.#▓.[[(((..▓▓
#...#....###...##▓▓▓▓▓▓▓+▓▓▓▓+▓
##.##......≈≈≈≈≈@≈≈≈≈≈≈≈...≈≈≈▓
####≈≈.....≈#+########+###.≈≈≈▓
.#≈≈≈≈≈≈≈..≈#_(_.....#§≈§##§≈≈▓
##≈≈≈§≈≈≈≈.≈#._._....#≈§§§####▓▓▓
#≈≈≈≈≈≈≈≈≈≈≈#_._._...#§§≈§≈##..#.
≈≈≈≈§≈≈≈≈≈≈≈#._._._..#§§§≈≈≈#..#.
++#≈≈§≈≈≈§≈≈#_._._._.#≈≈§§§≈+..+.
§ ##§§§###§≈#._._._..#≈§§§§≈#.[#.
S≈≈ #≈§#.._._._.#§≈§§≈≈▓..#.


There were no monsters in sight!

Vanquished Creatures
  A kraken (D)
  2 sphinxes (D)
  A great orb of eyes (D)
  A death drake (D)
  2 deep trolls (D)
  A siren (D)
  A yaktaur (D)
  3 polar bears (D)
  2 boulder beetles (D)
  3 hippogriffs (D)
  A vampire mosquito (D)
  Menkaure (D)
  3 soldier ants (D)
  A swamp drake (D)
  A wasp (D)
  4 necrophages (D)
  3 crocodiles (D)
  4 worker ants (D)
  2 tentacles (D)
37 creatures vanquished.

Vanquished Creatures (others)
  A crocodile (D)
  6 tentacles (D)
  57 tentacle segments (D)
64 creatures vanquished.

Grand Total: 101 creatures vanquished

Notes
Turn   | Place    | Note
--------------------------------------------------------------
     0 | D        | Kidiri the Spriggan Enchanter began the quest for the Orb.
     0 | D        | Reached XP level 1. HP: 9/9 MP: 5/5
     1 | D        | Noticed a worker ant
     1 | D        | Noticed a worker ant
     1 | D        | Noticed a worker ant
     1 | D        | Noticed a worker ant
     4 | D        | Noticed a necrophage
     4 | D        | Noticed a necrophage
     4 | D        | Noticed a necrophage
     4 | D        | Noticed a necrophage
     8 | D        | Noticed a boulder beetle
     8 | D        | Noticed a boulder beetle
    11 | D        | Noticed a siren
    22 | D        | Killed a worker ant
    22 | D        | Reached skill level 1 in Fighting
    22 | D        | Reached skill level 5 in Stealth
    22 | D        | Reached XP level 2. HP: 14/14 MP: 5/7
    25 | D        | Reached skill level 1 in Armour
    25 | D        | Reached skill level 5 in Dodging
    25 | D        | Reached skill level 6 in Stealth
    25 | D        | Reached XP level 3. HP: 16/18 MP: 5/9
    30 | D        | Reached XP level 4. HP: 20/22 MP: 5/11
    35 | D        | Reached skill level 7 in Stealth
    35 | D        | Reached skill level 5 in Spellcasting
    48 | D        | Learned a level 2 spell: Ensorcelled Hibernation
    52 | D        | Learned a level 3 spell: Confuse
    56 | D        | Learned a level 3 spell: Tukima's Dance
    60 | D        | Learned a level 3 spell: Dazzling Spray
    62 | D        | Killed a crocodile
   179 | D        | Killed a necrophage
   179 | D        | Reached skill level 8 in Stealth
   179 | D        | Reached skill level 5 in Hexes
   179 | D        | Reached skill level 1 in Ice Magic
   179 | D        | Reached XP level 5. HP: 26/26 MP: 1/14
   184 | D        | Killed a necrophage
   184 | D        | Reached skill level 5 in Short Blades
   184 | D        | Reached skill level 9 in Stealth
   184 | D        | Reached skill level 1 in Conjurations
   193 | D        | Killed a necrophage
   193 | D        | Reached XP level 6. HP: 29/32 MP: 10/16
   199 | D        | Reached skill level 10 in Stealth
   244 | D        | Killed a siren
   244 | D        | Reached skill level 10 in Dodging
   244 | D        | Reached skill level 11 in Stealth
   244 | D        | Reached XP level 7. HP: 36/36 MP: 18/20
   262 | D        | Killed a boulder beetle
   275 | D        | Killed a boulder beetle
   275 | D        | Reached XP level 8. HP: 42/42 MP: 11/22
   287 | D        | Noticed an orange crystal statue
   289 | D        | Noticed Menkaure
   290 | D        | Found Balaepa's Jewellery Boutique.
   290 | D        | Found Zivaadd's Jewellery Shop.
   291 | D        | Killed Menkaure
   291 | D        | Reached skill level 12 in Stealth
   313 | D        | Found Uxkynas's Antique Armour Shop.
   313 | D        | Found Oxan's Gadget Shop.
   314 | D        | Found Jutixaup's Weapon Boutique.
   314 | D        | Found Feuskiu's Weapon Boutique.
   317 | D        | Found Poupigab's Distillery.
   317 | D        | Found Zajiew's Food Shop.
   320 | D        | Found Mymeinla's Antique Weapon Shop.
   320 | D        | Found Vis Wux's Book Boutique.
   321 | D        | Found Kiedgh's Magic Scroll Boutique.
   325 | D        | Noticed a polar bear
   357 | D        | Found Urchi's Assorted Antiques.
   357 | D        | Found Oceruibue's Antique Armour Shop.
   357 | D        | Noticed a polar bear
   357 | D        | Noticed an oklob plant
   358 | D        | Found Waudau's Magic Scroll Shop.
   358 | D        | Found Cozxeq's Book Shoppe.
   358 | D        | Found Ukust's Distillery.
   360 | D        | Noticed a spiny frog
   365 | D        | Noticed a spiny frog
   397 | D        | Upgraded the game from 0.18-b1-10-g3f7de93 to 0.18-b1-14-g029dad2
   399 | D        | Bought a book of Geomancy for 420 gold pieces
   402 | D        | Bought a steaming robe for 125 gold pieces
   412 | D        | Identified the cursed +0 robe of the Hidden Vale {Dex+2} (You bought it in a shop in the Dungeon)
   415 | D        | Learned a level 2 spell: Passwall
   419 | D        | Learned a level 3 spell: Stone Arrow
   424 | D        | Learned a level 4 spell: Petrify
   562 | D        | Bought a scroll of identify for 28 gold pieces
   571 | D        | Bought a +6 amulet of reflection for 250 gold pieces
   574 | D        | Bought a buckler for 135 gold pieces
   626 | D        | Found a sacrificial altar of Ru.
   626 | D        | Found a bloodstained altar of Trog.
   630 | D        | Found a shimmering altar of Xom.
   630 | D        | Found an ancient bone altar of Kikubaaqudgha.
   630 | D        | Found a glowing golden altar of the Shining One.
   631 | D        | Found a deep blue altar of Sif Muna.
   631 | D        | Found a glowing silver altar of Zin.
   631 | D        | Found a viscous altar of Jiyva.
   632 | D        | Found a white marble altar of Elyvilon.
   632 | D        | Found a sparkling altar of Nemelex Xobeh.
   632 | D        | Found an opulent altar of Gozag.
   632 | D        | Found a radiant altar of Vehumet.
   633 | D        | Found a basalt altar of Yredelemnul.
   633 | D        | Found an iron altar of Okawaru.
   634 | D        | Found a shadowy altar of Dithmenos.
   634 | D        | Found a snail-covered altar of Cheibriados.
   635 | D        | Found a roughly hewn altar of Beogh.
   637 | D        | Noticed a yaktaur
   637 | D        | Noticed a polar bear
   640 | D        | Found an oddly glowing altar of Pakellas.
   640 | D        | Found a burning altar of Makhleb.
   640 | D        | Found a stormy altar of Qazlal.
   641 | D        | Found a corrupted altar of Lugonu.
   641 | D        | Found a blossoming altar of Fedhas.
   645 | D        | Noticed a flying skull
   648 | D        | Became a worshipper of Dithmenos the Shadowed
   654 | D        | Noticed a polar bear
   657 | D        | Noticed a polar bear
   676 | D        | Killed a yaktaur
   676 | D        | Reached skill level 1 in Transmutations
   676 | D        | Reached skill level 1 in Earth Magic
   679 | D        | Reached skill level 1 in Invocations
   684 | D        | Killed a polar bear
   684 | D        | Reached * piety under Dithmenos
   686 | D        | Killed a polar bear
   686 | D        | Reached skill level 1 in Shields
   686 | D        | Reached skill level 10 in Spellcasting
   686 | D        | Reached XP level 9. HP: 25/46 MP: 3/24
   692 | D        | Killed a polar bear
   692 | D        | Reached skill level 13 in Stealth
   721 | D        | Noticed a great orb of eyes
   724 | D        | Killed a great orb of eyes
   724 | D        | Reached ** piety under Dithmenos
   747 | D        | Noticed a deep elf master archer
   752 | D        | Reached *** piety under Dithmenos
   823 | D        | Learned a level 5 spell: Lee's Rapid Deconstruction
   831 | D        | Noticed a death drake
   856 | D        | Noticed a kraken
  1072 | D        | Killed a kraken
  1072 | D        | Reached skill level 5 in Fighting
  1072 | D        | Reached skill level 10 in Short Blades
  1072 | D        | Reached skill level 14 in Stealth
  1072 | D        | Reached skill level 5 in Earth Magic
  1072 | D        | Reached XP level 10. HP: 38/51 MP: 21/26
  1174 | D        | Reached **** piety under Dithmenos
  1178 | D        | Reached skill level 5 in Transmutations
  1302 | D        | Noticed a deep troll
  1303 | D        | Noticed a deep troll
  1305 | D        | Killed a deep troll
  1305 | D        | Reached skill level 5 in Ice Magic
  1306 | D        | Killed a deep troll
  1330 | D        | Noticed a sphinx
  1331 | D        | Noticed a sphinx
  1334 | D        | Killed a sphinx
  1334 | D        | Reached skill level 5 in Armour
  1334 | D        | Reached skill level 15 in Stealth
  1334 | D        | Reached XP level 11. HP: 56/56 MP: 24/28
  1356 | D        | Killed a sphinx
  1356 | D        | Reached ***** piety under Dithmenos
  1356 | D        | Reached skill level 5 in Conjurations
  1774 | D        | Noticed a death drake
  1780 | D        | Killed a death drake
  1781 | D        | Succumbed to a death drake's dark miasma

Skill      XL: |  1  2  3  4  5  6  7  8  9 10 11 |
---------------+----------------------------------+-----
Fighting       | 1 2 3 4 5 6 |  6.0
Short Blades   | 2 3 4 5 7 8 10 11 | 11.5
Dodging        | 4 5 7 8 10 11 13 14 | 14.5
Stealth        | 5 6 8 9 11 12 14 15 | 15.9
Spellcasting   | 3 4 5 6 8 9 10 11 12 | 12.6
Hexes          | 4 5 6 7 8 9 |  9.6
Armour         | 1 2 3 4 5 |  5.4
Ice Magic      | 1 2 3 4 5 |  5.6
Conjurations   | 1 2 3 4 5 |  5.2
Transmutations | 2 4 6 |  6.5
Earth Magic    | 2 5 6 |  6.7
Invocations    | 1 3 |  3.5
Shields        | 1 2 3 |  3.5

Action                   |  1- 3 |  4- 6 |  7- 9 | 10-12 || total
-------------------------+-------+-------+-------+-------++-------
Melee: Dagger            |    10 |    25 |    40 |    18 ||    93
 Cast: Confuse           |       |     6 |     3 |     3 ||    12
       Ensorcelled Hiber |       |       |    11 |     8 ||    19
       Dazzling Spray    |       |       |    16 |       ||    16
       Stone Arrow       |       |       |     2 |       ||     2
Invok: Shadow Step       |       |       |       |     1 ||     1
  Use: Potion            |     1 |     1 |     2 |     1 ||     5
       Scroll            |       |       |     9 |     1 ||    10
 Stab: Confused          |       |     4 |     2 |     2 ||     8
       Sleeping          |       |     1 |    12 |     7 ||    20
       Invisible         |       |       |     6 |       ||     6
       Distracted        |       |       |       |     1 ||     1
Armor: Robe              |       |       |     1 |     1 ||     2
Dodge: Dodged            |     7 |     7 |    51 |     8 ||    73
Block: Buckler           |       |       |    14 |     6 ||    20
